 Dungeon Crawl Stone Soup version 0.29.1-4-g47bece8355 (webtiles) character file.

Game seed: 13049583280037502776

976 sanboga the Ruffian (level 7, -1/84 HPs)
             Began as a Demonspawn Berserker on Dec 1, 2022.
             Was a Priest of Trog.
             Slain by an iguana (6 damage)
             ... on level 5 of the Dungeon.
             The game lasted 00:05:55 (5526 turns).

sanboga the Ruffian (Demonspawn Berserker)          Turns: 5526, Time: 00:05:56

Health: -1/84      AC: 11    Str: 19    XL:     7   Next: 95%
Magic:  7/7        EV: 12    Int:  9    God:    Trog [***...]
Gold:   197        SH:  0    Dex: 12    Spells: 6/6 levels left

rFire   . . .      SeeInvis .     - Unarmed
rCold   . . .      Faith    .   (no shield)
rNeg    . . .      Spirit   .   m - +0 ring mail
rPois   .          Reflect  .   (helmet restricted)
rElec   .          Harm     .   t - +1 cloak
rCorr   .          Rampage  .   h - +2 pair of gloves
Will    +....                   (no boots)
Stlth   ..........              (no amulet)
HPRegen 0.24/turn               e - ring of willpower
MPRegen 0.10/turn               a - ring of flight

@: berserking, lethally poisoned (-1 -> -7), flying, very quick
A: antennae 1, demonic magic 1, weakness stinger 2
a: Renounce Religion, Berserk, Trog's Hand


You were on level 5 of the Dungeon.
You worshipped Trog.
Trog was most pleased with you.
You visited 1 branch of the dungeon, and saw 5 of its levels.
You also visited: Sewer.

You collected 197 gold pieces.

Inventory:

Armour
 h - a +2 pair of gloves (worn)
 m - a +0 ring mail (worn)
 t - a +1 cloak (worn)
Jewellery
 a - a ring of flight (right hand)
 e - a ring of willpower (left hand)
Scrolls
 b - a scroll of magic mapping
 g - a scroll of identify
 k - a scroll of fear
Potions
 c - a potion of resistance {unknown}
 d - a potion of berserk rage
 f - 2 potions of curing {unknown}
 l - 3 potions of haste
 n - a potion of might {unknown}
 p - a potion of heal wounds {unknown}
 s - a potion of cancellation {unknown}
 v - a potion of mutation {unknown}


   Skills:
 + Level 5.0 Fighting
 + Level 4.0 Armour
 + Level 4.1 Dodging
 * Level 5.9 Unarmed Combat


You had 6 spell levels left.
You didn't know any spells.
Your spell library was empty.

Dungeon Overview and Level Annotations

Branches:
Dungeon (5/15)              Sewer (visited)
 Temple: D:4-7

Altars:


Innate Abilities, Weirdness & Mutations

You have a pair of small antennae on your head.
Spells you cast may paralyse adjacent enemies.
You have a tail ending in a sharp stinger.


Message History

You kill the acid dragon!
Trog accepts your kill.
The acid dragon scales are intact enough to wear.
The adder barely misses you. The hound barely misses you.
The killer bee stings you!
* * * LOW HITPOINT WARNING * * *
The gnoll bouda completely misses you.
An iguana comes into view.
Your Fighting skill increases to level 5!
Your Armour skill increases to level 4!
Your Dodging skill increases to level 4!
You closely miss the gnoll bouda.
The gnoll bouda is heavily wounded.
The killer bee stings you.
* * * LOW HITPOINT WARNING * * *
The hound closely misses you.
You barely miss the gnoll bouda.
The gnoll bouda is heavily wounded.
The adder bites you but does no damage. The killer bee barely misses you.
The gnoll bouda hits you with a +0 club!
* * * LOW HITPOINT WARNING * * *
You closely miss the gnoll bouda.
The gnoll bouda is heavily wounded.
The hound bites you but does no damage. The killer bee closely misses you.
The adder closely misses you. The hound bites you but does no damage.
You punch the gnoll bouda!
You kill the gnoll bouda!
Trog accepts your kill.
The killer bee stings you but does no damage.
An orc comes into view. It is wielding a +0 mace.
The white imp grinds its teeth.
The adder completely misses you. The killer bee barely misses you.
You closely miss the hound.
The orc shouts!
The hound bites you but does no damage. The adder barely misses you.
The killer bee stings you.
* * * LOW HITPOINT WARNING * * *
You are lethally poisoned!
The killer bee poisons you! The iguana bites you.
You die...

###### ......
....... ......
.......####.....
...........?...
...#......#.#
#)#.....h..>#
..#...y....#
.....hl@...#
#o..#.hS...#+#####
. #..5####......#
.. #.l.. #......#
........# #......#
..#...#.# #......#
...#.#..##
#......#
#...#....##
#......#
..........#
#......#


You could see a black bear, 2 iguanas, 2 hounds, a killer bee, an adder, a white
imp and an orc.

Vanquished Creatures
  Grinder (D:3)
  A wraith (D:5)
  An acid dragon (D:5)
  Pargi (Sewer)
  A scorpion (D:4)
  A hound (D:4)
  Terence (D:3)
  3 orc priests (D:3)
  A gnoll bouda (D:5)
  7 adders
  5 gnolls
  An ufetubus (D:5)
  A worm (D:3)
  2 dart slugs
  9 orcs
  9 ball pythons
  3 endoplasms
  7 giant cockroaches
  4 goblins
  5 hobgoblins
  5 jackals
  A quokka (D:1)
  6 bats
  2 frilled lizards (D:3)
  6 kobolds
  7 rats
  A spectral kobold (D:2)
92 creatures vanquished.

Notes
Turn   | Place    | Note
-------+----------+-------------------------------------------
     0 | D:1      | sanboga the Demonspawn Berserker began the quest for the
                  | Orb.
     0 | D:1      | Reached XP level 1. HP: 18/18 MP: 1/1
   310 | D:1      | Discovered your monstrous ancestry.
   310 | D:1      | Gained mutation: You have a small tail. [demonic ancestry]
   310 | D:1      | Reached XP level 2. HP: 17/24 MP: 2/2
  1438 | D:1      | Reached ** piety under Trog
  1640 | D:2      | Gained mutation: Spells you cast may paralyse adjacent
                  | enemies. [demonic ancestry]
  1640 | D:2      | Reached XP level 3. HP: 25/29 MP: 3/3
  2196 | D:2      | Found a faded altar of an unknown god.
  2653 | D:3      | Gained mutation: You have a tail ending in a sharp stinger.
                  | [demonic ancestry]
  2653 | D:3      | Reached XP level 4. HP: 28/35 MP: 4/4
  2820 | D:3      | Reached XP level 5. HP: 23/42 MP: 5/5
  3066 | D:3      | Noticed Grinder
  3068 | D:3      | Paralysed by Grinder for 2 turns
  3073 | D:3      | Paralysed by Grinder for 3 turns
  3080 | D:3      | Killed Grinder
  3081 | D:3      | Reached XP level 6. HP: 21/48 MP: 6/6
  3428 | D:3      | Noticed Terence
  3443 | D:3      | Killed Terence
  4111 | D:4      | Found a glowing drain.
  4148 | Sewer    | Entered a sewer
  4269 | Sewer    | Reached skill level 5 in Unarmed Combat
  4383 | Sewer    | Noticed Pargi
  4400 | Sewer    | Killed Pargi
  4401 | Sewer    | Gained mutation: You have a pair of small antennae on your
                  | head. [demonic ancestry]
  4401 | Sewer    | Reached XP level 7. HP: 38/55 MP: 7/7
  4509 | Sewer    | Reached *** piety under Trog
  5063 | D:4      | Identified the +2 robe of the Pleiades {Int+2 Slay+2}
  5367 | D:5      | Entered Level 5 of the Dungeon
  5438 | D:5      | Noticed a wraith
  5448 | D:5      | Killed a wraith
  5522 | D:5      | Reached skill level 5 in Fighting
  5526 | D:5      | Slain by an iguana

Illustrated notes

Levels and vault maps discovered:
D:1:      ncdulo_wetmaze, layout_loops_corners, minmay_tetromino_s2
D:2:      layout_loops_corners, dreamdust_ecumenical_altar_drowned_temple
D:3:      layout_basic, kennysheep_flooded_box, uniq_terence, uniq_grinder
D:4:      layout_loops_corners, gup_sewer_entry_glass
D:5:      cheibrodos_fzero, layout_basic, uniq_sigmund

Skill      XL: |  1  2  3  4  5  6  7 |
---------------+----------------------+-----
Armour         | 2 3 4 |  4.0
Dodging        | 2 3 4 |  4.1
Unarmed Combat | 3 4 5 |  5.9
Fighting       | 4 5 |  5.0

Action                   |  1- 3 |  4- 6 |  7- 9 || total
-------------------------+-------+-------+-------++-------
Melee: Unarmed           |   162 |   156 |    56 ||   374
       Tailslap          |    17 |    25 |     6 ||    48
       Punch             |     2 |     8 |     3 ||    13
Invok: Berserk           |       |     2 |     2 ||     4
  Use: Scroll            |       |    12 |     3 ||    15
 Stab: Sleeping          |     3 |       |       ||     3
Armor: Animal skin       |    23 |       |       ||    23
       Ring mail         |    41 |    75 |    35 ||   151
Dodge: Dodged            |    86 |    88 |    40 ||   214
